 Dungeon Crawl Stone Soup version 0.30-a0-568-g124715a40b (webtiles) character file.

Game seed: 15528496196490853836

291 flotson the Trooper (level 6, -6/53 HPs)
             Began as a Hill Orc Delver on Dec 29, 2022.
             Mangled by a kobold
             ... wielding a +0 rapier of distortion
              (13 damage)
             ... on level 3 of the Dungeon.
             The game lasted 00:07:13 (2279 turns).

flotson the Trooper (Hill Orc Delver)               Turns: 2279, Time: 00:07:14

Health: -6/53      AC: 12    Str: 17    XL:     6   Next: 32%
Magic:  6/6        EV: 10    Int: 10    God:
Gold:   147        SH:  0    Dex: 10    Spells: 5/5 levels left

rFire   . . .      SeeInvis .    a - +2 spear (heavy)
rCold   . . .      Faith    .    (no shield)
rNeg    . . .      Spirit   .    l - +0 scale mail
rPois   .          Reflect  .    (no helmet)
rElec   .          Harm     .    (no cloak)
rCorr   .          Rampage  .    p - +1 pair of gloves
Will    +....                    (no boots)
Stlth   +                        (no amulet)
HPRegen 0.00/turn                i - ring of willpower
MPRegen 0.10/turn                n - +4 ring of protection

@: attractive, sick, hasted, very quick
A: clumsy 1
a: no special abilities


You were on level 3 of the Dungeon.
You visited 1 branch of the dungeon, and saw 5 of its levels.

You collected 147 gold pieces.

Inventory:

Hand Weapons
 a - a +2 heavy spear (weapon)
 e - a +0 hand axe
Missiles
 b - 3 poisoned darts (quivered)
Armour
 l - a +0 scale mail (worn)
 p - a +1 pair of gloves (worn)
Jewellery
 i - a ring of willpower (left hand)
 n - a +4 ring of protection (right hand)
 q - an amulet of reflection
Wands
 g - a wand of digging (10)
Scrolls
 c - a scroll of fog
 d - 3 scrolls of magic mapping
 j - 7 scrolls of identify {unknown}
 o - a scroll of enchant armour
Potions
 r - a potion of curing


   Skills:
 + Level 4.6 Fighting
 + Level 4.2 Axes
 + Level 1.3 Throwing
 + Level 2.2 Armour
 + Level 2.4 Dodging
 + Level 4.6 Stealth
 + Level 2.1 Evocations


You had 5 spell levels left.
You didn't know any spells.
Your spell library contained the following spells:

 Spells                   Type           Power      Damage    Failure   Level
 Magic Dart               Conj           0%         1d3       78%         1
 Shock                    Conj/Air       0%         1d3       78%         1
 Call Imp                 Summ           0%         N/A       89%         2
 Ensorcelled Hibernation  Hex/Ice        0%         N/A       89%         2
 Mephitic Cloud           Conj/Pois/Air  0%         N/A       98%         3
 Spider Form              Tmut/Pois      0%         N/A       98%         3
 Swiftness                Air            0%         N/A       98%         3
 Airstrike                Air            0%         2d(0-16)  100%        4
 Anguish                  Hex/Necr       0%         N/A       100%        4


Dungeon Overview and Level Annotations

Branches:
Dungeon (5/15)
 Temple: D:4-7

Altars:

Shops:
D:3 :

Portals:
Abyss: D:3

Annotations:
D:3 1 transporter, Atlas's ghost, amateur DsFE


Innate Abilities, Weirdness & Mutations

You are clumsy. (Dex -2)


Message History

Atlas's ghost blinks!
The shadow imp is attracted toward you. The kobold is attracted toward you.
The crimson imp enters a dispersal trap!
You blink.
Atlas's ghost closely misses you. The kobold is attracted toward you.
The shadow imp gestures at you. Pain shoots through your body!
* * * LOW HITPOINT WARNING * * *
The shadow imp is attracted toward you.
The crimson imp is attracted toward you.
There is a transporter landing site here.
The crimson imp is attracted toward you.
The small abomination is attracted toward you.
The shadow imp is attracted toward you. Atlas's ghost is attracted toward you.
There is a one-way gate to the infinite horrors of the Abyss here.
Unknown command.
You feel better. The small abomination hits you!
* * * LOW HITPOINT WARNING * * *
The crimson imp is attracted toward you.
The shadow imp is attracted toward you. Atlas's ghost is attracted toward you.
You feel better.
The crimson imp hits you but does no damage.
The small abomination enters a dispersal trap!
The crimson imp blinks!
The shadow imp blinks!
The crimson imp blinks!
You blink.
The crimson imp is attracted toward you.
The crimson imp is attracted toward you.
The small abomination is attracted toward you.
Atlas's ghost is attracted toward you. The kobold is attracted toward you.
The small abomination is attracted toward you.
Atlas's ghost is attracted toward you. The kobold is attracted toward you.
The small abomination barely misses you.
You see here a +0 rapier.
Unknown command.
You barely miss the kobold.
The crimson imp hits you but does no damage.
The small abomination hits you.
* * * LOW HITPOINT WARNING * * *
The kobold hits you but does no damage. Space warps horribly around you!
You die...

###.....#.######....<...### #####
###...##### ##....#.######....
#...#..##########................
..####.........##.....#######....
#######..#.###..#...#### #....
#......................#########.
......©........................#.
....####.......###.....######.##.
..).#..###...###@##...## #.##.
)...##...##©.##Kx5#...# #.##.
.)...#...K####§§W##...# #>##.
....##..WWWW§§#.##....# #.##.
...##..#§##.^#.##.....# #.##.
...#..^##...##©#......# ##....
...##..#.###.^.###....######.....
#...##..##.###.:5##...#..........
#...##..#....##.#.#...#.PP..P...P


You could see a small abomination, Atlas's ghost, a crimson imp and a kobold.

Vanquished Creatures
  A bullfrog (D:2)
  Natasha (thrice) (D:3)
  2 orc wizards (D:2)
  3 gnolls (D:3)
  2 worms
  A dart slug (D:1)
  An orc (D:2)
  4 ball pythons
  5 bats
  6 endoplasms
  2 giant cockroaches
  7 goblins
  5 hobgoblins
  3 jackals (D:1)
  4 quokkas
  7 frilled lizards
  7 kobolds
  A rat (D:3)
64 creatures vanquished.

Vanquished Creatures (others)
  25 plants (D:3)
25 creatures vanquished.

Grand Total: 89 creatures vanquished

Notes
Turn   | Place    | Note
-------+----------+-------------------------------------------
     0 | D:5      | flotson the Hill Orc Delver began the quest for the Orb.
     0 | D:5      | Reached XP level 1. HP: 19/19 MP: 1/1
    29 | D:5      | Noticed a jelly
    82 | D:3      | Found Qacewaol's Book Boutique.
   116 | D:3      | Noticed an orc wizard
   116 | D:3      | Noticed an orc wizard
   118 | D:3      | Noticed a bullfrog
   134 | D:2      | Reached XP level 2. HP: 25/27 MP: 2/2
   323 | D:1      | Found a faded altar of an unknown god.
   377 | D:1      | Reached XP level 3. HP: 33/33 MP: 3/3
   459 | D:1      | Reached skill level 1 in Armour
   764 | D:1      | Reached skill level 1 in Evocations
  1332 | D:2      | Reached XP level 4. HP: 39/40 MP: 4/4
  1406 | D:2      | Killed a bullfrog
  1407 | D:2      | Reached XP level 5. HP: 41/46 MP: 5/5
  1454 | D:3      | Found a transporter.
  1461 | D:3      | Found a transporter.
  1556 | D:3      | Found a one-way gate to the infinite horrors of the Abyss.
  1556 | D:3      | Noticed Atlas's ghost (amateur DsFE)
  1560 | D:3      | Noticed an ancient zyme
  1560 | D:3      | Noticed a small abomination
  1573 | D:3      | Reached skill level 1 in Throwing
  1760 | D:3      | Noticed Natasha
  1766 | D:3      | Killed Natasha
  1767 | D:3      | Reached XP level 6. HP: 50/53 MP: 6/6
  1798 | D:3      | Noticed Natasha
  1810 | D:3      | Killed Natasha
  1813 | D:3      | Noticed Natasha
  1819 | D:3      | Killed Natasha
  2250 | D:3      | Gained mutation: You are clumsy. (Dex -2) [potion of
                  | mutation]
  2279 | D:3      | Mangled by a kobold

Illustrated notes

Levels and vault maps discovered:
D:1:      dpeg_arrival_tiny_b, layout_loops_ring, ebering_ecumenical_altar_ruins
D:2:      layout_rooms
D:3:      layout_rooms, gammafunk_ghost_abyssal_escape, serial_shops,
          nicolae_shop_advertising_works [nicolae_subvault_shop_adworks],
          kennysheep_boxes, uniq_natasha
D:4:      cheibrodos_fertilizer, layout_loops_ring
D:5:      layout_loops_corners, nicolae_overflow_hidden_temple,
          nicolae_sif_muna_little_library, minmay_temple_entry_grid,
          hangedman_decor_clover_reticule, uniq_edmund, uniq_grinder

Skill      XL: |  1  2  3  4  5  6 |
---------------+-------------------+-----
Axes           | 3 4 |  4.2
Armour         | 1 2 |  2.2
Fighting       | 4 |  4.6
Evocations     | 1 2 |  2.1
Dodging        | 2 |  2.4
Throwing       | 1 |  1.3
Stealth        | |  4.6

Action                   |  1- 3 |  4- 6 || total
-------------------------+-------+-------++-------
Melee: Hand axe          |    10 |       ||    10
       Spear             |    84 |    82 ||   166
       Punch             |       |     1 ||     1
Evoke: Wand              |       |     2 ||     2
  Use: Scroll            |     1 |     4 ||     5
       Potion            |       |     7 ||     7
 Stab: Sleeping          |    12 |     1 ||    13
       Distracted        |     1 |       ||     1
Armor: Leather armour    |    17 |       ||    17
       Scale mail        |     9 |    73 ||    82
Dodge: Dodged            |    50 |    64 ||   114

Table legend: (Time is in decaauts)
 A = Elapsed time spent in this place.
 B = Non-inter-level travel time spent in this place.
 C = Inter-level travel time spent in this place.
 D = Time resting spent in this place.
 E = Time spent auto-exploring this place.
 F = Levels seen in this place.
 G = Mean time per level.
                   A        B        C        D        E       F      G
               +--------+--------+--------+--------+--------+-----+--------+
         Total |   2338 |   2226 |    112 |     15 |   1590 |   5 |  467.6 |
       Dungeon |   2338 |   2226 |    112 |     15 |   1590 |   5 |  467.6 |
               +--------+--------+--------+--------+--------+-----+--------+

Top non-repeatable levels by time:
     D:3: 955 daAuts
     D:1: 749 daAuts
     D:2: 571 daAuts
     D:5: 52 daAuts
     D:4: 9 daAuts
